 Dungeon Crawl Stone Soup version 0.21.1-1-g345015f (webtiles) character file.

8695 Monsterracer the Cleaver (level 11, -1/85 (86) HPs)
             Began as a Human Fighter on Feb 14, 2018.
             Was a Believer of Nemelex Xobeh.
             Slain by a blink frog (8 damage)
             ... on level 1 of the Lair of Beasts.
             The game lasted 00:15:02 (15220 turns).

Monsterracer the Cleaver (Human Fighter)           Turns: 15220, Time: 00:15:03

HP:   -1/85 (86)    AC: 16    Str: 24    XL:     11   Next: 60%
MP:   14/14         EV:  3    Int:  9    God:    Nemelex Xobeh [**....]
Gold: 889           SH: 18    Dex: 13    Spells: 10/10 levels left

rFire    . . .     SeeInvis .   a - +0 war axe
rCold    . . .     Gourm    .   o - +1 large shield
rNeg     . . .     Faith    +   D - +0 plate armour
rPois    .         Spirit   .   (no helmet)
rElec    .         Reflect  .   (no cloak)
rCorr    .         Harm     .   (no gloves)
MR       .....                  (no boots)
Stlth    ..........             s - amulet of faith
HPRegen  0.24/turn              j - +5 ring of strength
MPRegen  0.14/turn              H - +3 ring of protection

@: no status effects
A: no striking features
a: Renounce Religion


You were on level 1 of the Lair of Beasts.
You worshipped Nemelex Xobeh.
Nemelex Xobeh was pleased with you.
You were very hungry.

You visited 3 branches of the dungeon, and saw 12 of its levels.
You also visited: Ossuary.

You collected 889 gold pieces.

Inventory:

Hand Weapons
 a - a +0 war axe (weapon)
 b - a +0 morningstar
Armour
 o - a +1 large shield (worn)
 D - a +0 plate armour (worn)
Jewellery
 d - an uncursed amulet of rage
 j - a +5 ring of strength (left hand)
 s - an amulet of faith (around neck)
 x - an uncursed ring of ice
 B - an uncursed ring of positive energy {!d}
 H - a +3 ring of protection (right hand)
 I - a cursed amulet of inaccuracy {unknown}
Wands
 f - a wand of iceblast (13)
 u - a wand of digging (15)
 A - a wand of paralysis (7)
 C - a wand of acid (8)
Scrolls
 h - 5 scrolls of fog
 l - 5 scrolls of remove curse
 q - 4 scrolls of blinking
 t - 2 scrolls of teleportation
 F - a scroll of amnesia
Potions
 e - 5 potions of haste
 g - 2 potions of resistance
 i - 2 potions of might
 m - 5 potions of curing
 n - 4 potions of heal wounds
 p - 3 potions of cancellation
 r - a potion of ambrosia {unknown}
 v - a potion of brilliance
 w - a potion of magic {unknown}
 z - a potion of flight
Miscellaneous
 k - a plain deck of summoning {drawn: 6}
 y - a plain deck of summoning
 E - an ornate deck of escape
 G - a plain deck of summoning
Comestibles
 c - 16 rations


   Skills:
 + Level 8.0 Fighting
 * Level 10.5 Axes
 + Level 8.0 Armour
 + Level 8.0 Shields
 + Level 4.9 Invocations
 - Level 3.0 Evocations


You had 10 spell levels left.
You didn't know any spells.

Dungeon Overview and Level Annotations

Branches:
Dungeon (10/15)            Temple (1/1) D:7            Lair (1/6) D:10
    Orc (0/2) D:10

Altars:
Ashenzari
Cheibriados
Dithmenos
Elyvilon
Fedhas
Gozag
Hepliaklqana
Kikubaaqudgha
Makhleb
Nemelex Xobeh
Okawaru
Qazlal
Ru
Sif Muna
Trog
Uskayaw
Vehumet
Wu Jian
Xom
Yredelemnul
Zin
The Shining One

Shops:
D:10 %


Message History

You block the blink frog's attack.
You take 11 damage, and have 74/85 hp.
You closely miss the blink frog. You miss the blink frog.
The blink frog hits you. You block the blink frog's attack. x2
You take 2 damage, and have 72/85 hp.
You hit the blink frog.
The blink frog is lightly wounded.
You miss the blink frog. You block the blink frog's attack. x2
The blink frog hits you but does no damage.
Your shield and plate armour prevent you from hitting the blink frog.
The blink frog is lightly wounded.
You miss the blink frog. x2; You block the blink frog's attack. x2
The blink frog hits you! You block the blink frog's attack.
You take 13 damage, and have 60/85 hp.
You are too injured to fight recklessly!
You are too injured to fight recklessly!
You block the blink frog's attack.
The blink frog hits you but does no damage.
The blink frog blinks!
The blink frog hits you but does no damage.
The blink frog blinks!
The blink frog hits you but does no damage.
The blink frog blinks!
The blink frog hits you but does no damage.
The blink frog hits you but does no damage.
You closely miss the blink frog. You block the blink frog's attack. x2
You completely miss the blink frog.
The blink frog hits you but does no damage.
Your plate armour prevents you from hitting the blink frog.
The blink frog blinks!
You closely miss the blink frog. You slash the blink frog!
The blink frog hits you. You block the blink frog's attack.
The blink frog blinks!
The blink frog hits you but does no damage.
You take 5 damage, and have 57/85 hp.
You closely miss the blink frog. You block the blink frog's attack.
You miss the blink frog. You block the blink frog's attack.
Your plate armour prevents you from hitting the blink frog.
The blink frog is moderately wounded.
The blink frog blinks!
You miss the blink frog. You block the blink frog's attack.
The blink frog blinks!
The blink frog hits you.
The blink frog blinks!
You take 2 damage, and have 55/85 hp.
You closely miss the blink frog. You hit the blink frog.
You block the blink frog's attack.
The blink frog hits you but does no damage.
You block the blink frog's attack.
You miss the blink frog. You slash the blink frog!
The blink frog hits you but does no damage.
The blink frog hits you!
The blink frog hits you but does no damage.
You take 7 damage, and have 48/85 hp.
You closely miss the blink frog. You hit the blink frog.
You kill the blink frog!
Your Fighting skill increases to level 8!
You block the blink frog's attack.
Your shield and plate armour prevent you from hitting the blink frog.
The blink frog blinks!
The blink frog hits you but does no damage.
You closely miss the blink frog. You block the blink frog's attack.
You hit the blink frog but do no damage.
You block the blink frog's attack.
The blink frog blinks!
You miss the blink frog.
The blink frog hits you but does no damage.
Your shield prevents you from hitting the blink frog.
The blink frog hits you!
* * * LOW HITPOINT WARNING * * *
The blink frog blinks!
You take 8 damage, and have 41/85 hp.
You barely miss the blink frog. The blink frog hits you.
* * * LOW HITPOINT WARNING * * *
The blink frog blinks!
You take 4 damage, and have 37/85 hp.
You miss the blink frog. You block the blink frog's attack.
The blink frog hits you but does no damage.
You completely miss the blink frog. You hit the blink frog.
The blink frog hits you!
* * * LOW HITPOINT WARNING * * *
The blink frog blinks!
The blink frog hits you.
* * * LOW HITPOINT WARNING * * *
You take 15 damage, and have 22/85 hp.
You hit the blink frog.
The blink frog is moderately wounded.
You block the blink frog's attack. The blink frog hits you!
* * * LOW HITPOINT WARNING * * *
You take 13 damage, and have 9/85 hp.
You miss the blink frog.
The blink frog is moderately wounded.
You hit the blink frog. You block the blink frog's attack.
The blink frog hits you.
* * * LOW HITPOINT WARNING * * *
The blink frog blinks!
You block the blink frog's attack.
The blink frog hits you but does no damage.
You take 3 damage, and have 6/85 hp.
Evoke which item? (* to show all) (? for menu, Esc to quit)
You draw a card...
It is the Elements.
You block the blink frog's attack. x2
You are feeling very hungry.
You block the blink frog's attack. The blink frog hits you!
You die...
Your body disappears without a glow.

.............. .#.
.............. ..
.............. ..
.............. ##.
#.###.###...## ###..#######
#.P#.........#
##.........Y####.....÷.......
............FFv†.#P.........#
...........l@##..##.........#
............####..#.........#
.#..........# #..........(...
#.#.........# #####.........#
# ########### ##.######## ###


You could see 2 blink frogs, a friendly basilisk, a friendly fire vortex and a
friendly ice beast.

Vanquished Creatures
  A two-headed ogre (D:8)
  An unseen horror (D:10)
  A black mamba (Lair:1)
  Joseph (D:8)
  The ghost of Baghtru the Skirmisher, an amateur HOFi (D:4)
  A polar bear (Lair:1)
  A blink frog (Lair:1)
  A hippogriff (Lair:1)
  2 yaks (D:10)
  Eustachio (D:5)
  Menkaure (D:7)
  The ghost of GreamJoe the Shield-Bearer, an amateur GrFi (D:3)
  A water moccasin (Lair:1)
  2 porcupines
  3 orc warriors
  4 necrophages
  4 ogres
  5 ice beasts
  A phantom (D:6)
  4 centaurs
  A big kobold (D:7)
  9 bullfrogs
  A scorpion (D:8)
  6 killer bees
  9 howler monkeys
  2 bullfrog zombies
  A quasit (D:9)
  A centaur zombie (D:5)
  6 orc priests
  4 jellies
  A gnoll shaman (D:3)
  8 hounds
  A human zombie (Ossuary)
  6 orc wizards
  5 iguanas
  5 worker ants
  2 big kobold zombies (Ossuary)
  A hound zombie (D:9)
  A hound skeleton (D:4)
  3 mummies
  A howler monkey zombie (D:7)
  9 adders
  9 gnolls
  An adder zombie (D:9)
  2 worms
  A leopard gecko (D:8)
  25 orcs
  2 giant cockroaches
  6 hobgoblins
  12 jackals
  11 kobolds
  4 quokkas
  8 bats
  9 frilled lizards
  A gnoll zombie (Ossuary)
  11 goblins
  4 goblin zombies
  3 hobgoblin zombies
  A leopard gecko skeleton (D:5)
  A leopard gecko zombie (D:7)
  5 orc zombies (Ossuary)
  A quokka skeleton (D:5)
  6 rats
  2 fungi (D:10)
  A plant (Lair:1)
246 creatures vanquished.

Vanquished Creatures (collateral kills)
  A spiny frog (Lair:1)
  3 yaks (D:10)
  2 killer bees (D:10)
6 creatures vanquished.

Vanquished Creatures (others)
  An orc wizard (D:8)
  An orc priest (D:8)
2 creatures vanquished.

Grand Total: 254 creatures vanquished

Notes
Turn   | Place    | Note
-------+----------+-------------------------------------------
     0 | D:1      | Monsterracer the Human Fighter began the quest for the Orb.
     0 | D:1      | Reached XP level 1. HP: 18/18 MP: 1/1
   184 | D:1      | Reached XP level 2. HP: 24/24 MP: 2/2
   598 | D:1      | Reached XP level 3. HP: 29/29 MP: 3/3
  1198 | D:2      | HP: 14/29 [poisoned by an adder]
  1204 | D:2      | HP: 11/29 [poisoned by an adder]
  1209 | D:2      | HP: 9/29 [poisoned by an adder]
  1216 | D:2      | HP: 8/29 [poisoned by an adder]
  1224 | D:2      | HP: 7/29 [poisoned by an adder]
  1903 | D:2      | HP: 10/29 [gnoll/flail (6)]
  1904 | D:2      | HP: 4/29 [gnoll/spear (2)]
  2182 | D:2      | Reached skill level 3 in Axes
  2182 | D:2      | Reached XP level 4. HP: 24/35 MP: 4/4
  2602 | D:3      | Reached XP level 5. HP: 40/41 MP: 5/5
  2908 | D:3      | Noticed GreamJoe's ghost (amateur GrFi)
  2939 | D:3      | HP: 18/41 [GreamJoe's ghost (6)]
  2940 | D:3      | Killed GreamJoe's ghost
  2940 | D:3      | Reached skill level 4 in Axes
  2940 | D:3      | Reached XP level 6. HP: 22/48 MP: 6/6
  3322 | D:3      | HP: 24/48 [gnoll/club (2)]
  3624 | D:4      | Found a sand-covered staircase.
  3630 | Ossuary  | Entered an ossuary
  3659 | Ossuary  | Reached XP level 7. HP: 31/54 MP: 7/7
  3967 | D:4      | Found a shadowy altar of Dithmenos.
  3968 | D:4      | Noticed Baghtru's ghost (amateur HOFi)
  4108 | D:4      | Reached skill level 5 in Axes
  4174 | D:5      | Entered Level 5 of the Dungeon
  4194 | D:5      | HP: 26/55 [adder (2)]
  4200 | D:5      | HP: 21/55 [poisoned by an adder]
  4206 | D:5      | HP: 20/55 [poisoned by an adder]
  4214 | D:5      | HP: 19/55 [poisoned by an adder]
  4436 | D:5      | Noticed Eustachio
  4474 | D:5      | Killed Eustachio
  4768 | D:3      | Reached XP level 8. HP: 32/61 MP: 8/8
  5011 | D:5      | HP: 27/61 [ice beast (11)]
  5266 | D:4      | Reached skill level 5 in Armour
  5272 | D:4      | Reached skill level 6 in Axes
  5403 | D:4      | Reached skill level 5 in Fighting
  5403 | D:4      | Reached skill level 5 in Shields
  5481 | D:4      | Killed Baghtru's ghost
  6097 | D:5      | Reached XP level 9. HP: 65/68 MP: 9/9
  6123 | D:5      | Reached skill level 7 in Axes
  6485 | D:6      | Found a shadowy altar of Dithmenos.
  6837 | D:6      | HP: 29/69 [orc priest/nerve-wracking pain (14)]
  6837 | D:6      | HP: 14/69 [orc priest/divine providence (15)]
  6843 | D:6      | HP: 9/103 [orc priest/divine providence (13)]
  7152 | D:6      | Got a bloodstained robe
  7223 | D:6      | HP: 34/69 [acid (4)]
  7988 | D:7      | Noticed Menkaure
  7995 | D:7      | Reached skill level 8 in Axes
  8000 | D:7      | Killed Menkaure
  8131 | D:7      | Found a staircase to the Ecumenical Temple.
  8195 | Temple   | Entered the Ecumenical Temple
  8352 | Temple   | Became a worshipper of Nemelex Xobeh the Trickster
  8467 | D:7      | Reached XP level 10. HP: 45/77 MP: 10/10
  8680 | D:7      | Received a gift from Nemelex Xobeh
  8756 | D:8      | Reached skill level 1 in Invocations
  8760 | D:8      | Noticed a two-headed ogre
  8956 | D:8      | HP: 34/77 [centaur/arrow (5)]
  8967 | D:8      | HP: 30/77 [hound (1)]
  8978 | D:8      | HP: 31/77 [killer bee (1)]
  8983 | D:7      | HP: 30/77 [poisoned by a killer bee]
  8990 | D:7      | HP: 29/77 [poisoned by a killer bee]
  8998 | D:7      | HP: 29/77 [poisoned by a killer bee]
  9501 | D:8      | Reached skill level 9 in Axes
  9590 | D:8      | Noticed Joseph
  9601 | D:8      | HP: 37/77 [killer bee (7)]
  9607 | D:8      | HP: 31/77 [poisoned by a killer bee]
  9612 | D:7      | HP: 24/77 [killer bee (3)]
  9617 | D:7      | HP: 21/77 [poisoned by a killer bee]
  9895 | D:8      | Reached skill level 1 in Evocations
 10169 | D:8      | HP: 35/77 [Joseph/uncursed quarterstaff (10)]
 10176 | D:8      | HP: 29/77 [Joseph/uncursed quarterstaff (4)]
 10182 | D:8      | HP: 21/77 [Joseph/uncursed quarterstaff (2)]
 10187 | D:8      | Killed Joseph
 10262 | D:8      | HP: 28/79 [howler monkey (1)]
 10483 | D:8      | HP: 36/79 [two-headed ogre/giant club (20)]
 10489 | D:8      | Killed a two-headed ogre
 10737 | D:8      | HP: 39/79 [something (1)]
 10749 | D:8      | HP: 29/79 [something (1)]
 11768 | D:9      | Received a gift from Nemelex Xobeh
 11780 | D:9      | Reached XP level 11. HP: 83/83 MP: 13/13
 11887 | D:9      | Reached * piety under Nemelex Xobeh
 12381 | D:10     | Entered Level 10 of the Dungeon
 12499 | D:10     | HP: 39/83 [something (8)]
 12504 | D:10     | HP: 31/83 [something (5)]
 12509 | D:10     | HP: 17/83 [something (6)]
 12539 | D:10     | HP: 17/83 [something (3)]
 12545 | D:10     | HP: 11/83 [something (3)]
 12550 | D:10     | Killed an unseen horror
 12550 | D:10     | Reached skill level 10 in Axes
 12860 | D:10     | Received a gift from Nemelex Xobeh
 12931 | D:10     | Found Mompirag's Food Boutique.
 12988 | D:10     | HP: 41/83 [yak (8)]
 13015 | D:10     | HP: 31/83 [bullfrog (1)]
 13028 | D:10     | HP: 32/84 [yak (1)]
 13033 | D:10     | HP: 21/84 [yak (4)]
 13038 | D:10     | HP: 7/84 [yak (10)]
 13423 | D:10     | Reached ** piety under Nemelex Xobeh
 13481 | D:10     | HP: 42/84 [poisoned by a killer bee]
 13486 | D:10     | HP: 41/84 [poisoned by a killer bee]
 13493 | D:10     | HP: 41/84 [poisoned by a killer bee]
 13501 | D:10     | HP: 41/84 [poisoned by a killer bee]
 13719 | D:10     | Found a staircase to the Orcish Mines.
 13776 | D:10     | Found a staircase to the Lair.
 13942 | Lair:1   | Entered Level 1 of the Lair of Beasts
 13970 | Lair:1   | HP: 42/85 [poisoned by a water moccasin]
 13975 | Lair:1   | HP: 40/85 [poisoned by a water moccasin]
 13982 | Lair:1   | HP: 39/85 [poisoned by a water moccasin]
 13989 | Lair:1   | HP: 39/85 [poisoned by a water moccasin]
 13997 | Lair:1   | HP: 39/85 [poisoned by a water moccasin]
 14192 | Lair:1   | Received a gift from Nemelex Xobeh
 14246 | Lair:1   | HP: 42/85 [poisoned by a spiny frog]
 14249 | Lair:1   | HP: 20/85 [poisoned by a spiny frog]
 14254 | Lair:1   | HP: 16/85 [poisoned by a spiny frog]
 14259 | Lair:1   | HP: 13/85 [poisoned by a spiny frog]
 14264 | Lair:1   | HP: 11/85 [poisoned by a spiny frog]
 14269 | Lair:1   | HP: 10/85 [poisoned by a spiny frog]
 14276 | Lair:1   | HP: 10/85 [poisoned by a spiny frog]
 14284 | Lair:1   | HP: 10/85 [poisoned by a spiny frog]
 14894 | Lair:1   | HP: 42/85 [black mamba (12)]
 14899 | Lair:1   | HP: 37/85 [poisoned by a black mamba]
 14904 | Lair:1   | HP: 33/85 [poisoned by a black mamba]
 14910 | Lair:1   | HP: 31/85 [poisoned by a black mamba]
 14916 | Lair:1   | HP: 29/85 [poisoned by a black mamba]
 14923 | Lair:1   | HP: 29/85 [poisoned by a black mamba]
 14931 | Lair:1   | HP: 29/85 [poisoned by a black mamba]
 15212 | Lair:1   | HP: 41/85 [blink frog (9)]
 15217 | Lair:1   | HP: 9/85 [blink frog (13)]
 15220 | Lair:1   | Slain by a blink frog

Skill      XL: |  1  2  3  4  5  6  7  8  9 10 11 |
---------------+----------------------------------+-----
Axes           | 3 4 5 6 8 9 10 | 10.5
Armour         | 4 5 6 7 8 |  8.0
Shields        | 4 5 6 7 8 |  8.0
Fighting       | 4 5 6 7 8 |  8.0
Invocations    | 3 4 |  4.9
Evocations     | 2 3 |  3.0

Action                   |  1- 3 |  4- 6 |  7- 9 | 10-12 || total
-------------------------+-------+-------+-------+-------++-------
Melee: War axe           |   119 |   116 |   352 |   569 ||  1156
 Abil: Evoke Berserk Rag |       |       |     5 |     2 ||     7
Evoke: Deck              |       |       |       |     6 ||     6
  Use: Potion            |       |     1 |       |       ||     1
       Scroll            |       |       |    13 |     7 ||    20
  Eat: Chunk             |     3 |     6 |    20 |    13 ||    42
       Ration            |       |       |       |     3 ||     3
Armor: Scale mail        |    55 |    57 |    40 |       ||   152
       Chain mail        |       |       |    90 |    96 ||   186
       Plate armour      |       |       |       |   165 ||   165
Dodge: Dodged            |    36 |    43 |    74 |    55 ||   208
Block: Shield            |    67 |    75 |   113 |       ||   255
       Large shield      |       |       |   153 |   559 ||   712

Vault maps used:
D:1:      dpeg_arrival_refuge, st_stairs_10, minmay_misc_feat_more_columns,
          kennysheep_decorative_pillar, minmay_small_reverse_x
D:3:      first_ration
D:4:      nicolae_ossuary_entry_giza, grunt_dithmenos_smoke
D:5:      st_stairs_14, uniq_eustachio
D:6:      lemuel_round_altar
D:7:      minmay_temple_entry_purple_smoke, uniq_menkaure
D:8:      uniq_joseph
D:10:     grunt_lair_entry_orc_guard_hut, orc_0_dummy, serial_shops,
          nicolae_shop_waterfront
Temple:   minmay_crystal_snake_temple
Ossuary:  minmay_ossuary_gauntlet
